 Dungeon Crawl Stone Soup version 0.30-a0-743-gbfdf073431 (webtiles) character file.

Game seed: 8163393065711723727

627 Leeroy the Slasher (level 7, 0/34 HPs)
             Began as a Vine Stalker Warper on Feb 7, 2023.
             Shot with an arrow by a centaur (3 damage)
             ... on level 5 of the Dungeon.
             The game lasted 00:04:30 (2675 turns).

Leeroy the Slasher (Vine Stalker Warper)            Turns: 2675, Time: 00:04:30

Health: 0/34       AC: 10    Str: 14    XL:     7   Next: 47%
Magic:  0/11       EV: 11    Int: 13    God:
Gold:   184        SH:  0    Dex: 15    Spells: 5/10 levels left

rFire   . . .      SeeInvis .    p - +1 short sword (speed)
rCold   . . .      Faith    .    (no shield)
rNeg    . . .      Spirit   +    t - +3 ring mail
rPois   .          Reflect  .    z - +0 helmet
rElec   .          Harm     .    (no cloak)
rCorr   .          Rampage  .    (no gloves)
Will    .....                    (no boots)
Stlth   +                        (no amulet)
HPRegen 1.05/turn                (no ring)
MPRegen 0.12/turn                (no ring)

@: no status effects
A: fangs 2, regeneration 1, magic shield, antimagic bite, no potion heal 2
a: no special abilities


You were on level 5 of the Dungeon.
You visited 2 branches of the dungeon, and saw 6 of its levels.

You collected 184 gold pieces.

Inventory:

Hand Weapons
 a - a +0 falchion
 p - a +1 short sword of speed (weapon)
Missiles
 d - 7 boomerangs of dispersal (quivered)
 o - 5 poisoned darts
 q - 3 datura-tipped darts
Armour
 b - a +0 leather armour
 t - a +3 ring mail (worn)
 z - a +0 helmet (worn)
Jewellery
 u - a ring of see invisible
Wands
 v - a wand of mindburst (8)
 x - a wand of flame (16)
 B - a wand of iceblast (2)
Scrolls
 e - a scroll of fog {unknown}
 h - 7 scrolls of identify {unknown}
 m - a scroll of vulnerability {unknown}
 n - a scroll of enchant weapon {unknown}
 r - a scroll of fear {unknown}
 w - a scroll of teleportation {unknown}
 y - a scroll of noise {unknown}
 D - a scroll of poison {unknown}
Potions
 f - a potion of invisibility {unknown}
 g - 2 potions of curing {unknown}
 i - a potion of mutation {unknown}
 j - 2 potions of haste {unknown}
 k - 2 potions of lignification {unknown}
 l - a potion of might {unknown}
 s - 2 potions of cancellation {unknown}
 A - a potion of flight {unknown}
 C - a potion of degeneration {unknown}
 E - 2 potions of attraction {unknown}


   Skills:
 - Level 1.7 Fighting
 + Level 5.9 Long Blades
 - Level 0.8 Throwing
 - Level 3.9 Armour
 - Level 1.5 Dodging
 - Level 2.1 Spellcasting
 - Level 3.0 Translocations


You had 5 spell levels left.
You knew the following spells:

 Your Spells              Type           Power      Damage    Failure   Level
a - Blink                 Tloc           18%        N/A       22%         2
b - Vhi's Electric Charg  Tloc/Air       10%        N/A       61%         3

Your spell library contained the following spells:

 Spells                   Type           Power      Damage    Failure   Level
 Lesser Beckoning         Tloc           18%        N/A       22%         2
 Teleport Other           Tloc           9%         N/A       38%         3
 Magic Dart               Conj           4%         1d3       43%         1
 Call Imp                 Summ           1%         N/A       58%         2
 Manifold Assault         Tloc           9%         N/A       80%         4
 Mephitic Cloud           Conj/Pois/Air  1%         N/A       82%         3
 Ozocubu's Armour         Ice            1%         N/A       82%         3
 Stone Arrow              Conj/Erth      2%         3d7       82%         3
 Animate Armour           Summ/Erth      2%         N/A       99%         4
 Ozocubu's Refrigeration  Ice            0%         4d7       100%        7
 Lehudib's Crystal Spear  Conj/Erth      0%         10d2      100%        8


Dungeon Overview and Level Annotations

Branches:
Dungeon (5/15)             Temple (1/1) D:4

Altars:
Ashenzari
Dithmenos
Fedhas
Gozag
Hepliaklqana
Kikubaaqudgha
Makhleb
Okawaru
Qazlal
Ru
Sif Muna
Trog
Xom
Yredelemnul
Zin
The Shining One

Shops:
D:1 [*   D:3 :

Annotations:
D:4 Edmund
D:5 Blork the orc


Innate Abilities, Weirdness & Mutations

You have extremely sharp teeth.
Your natural rate of healing is unusually fast.
When hurt, damage is shared between your health and your magic reserves.
Your bite disrupts and absorbs the magic of your enemies.
Potions cannot restore your health.


Message History

The centaur kicks you but does no damage.
You closely miss Blork the orc. You bite Blork the orc.
Blork the orc's magic leaks into the air.
You drain his magic.
You feel invigorated.
Blork the orc is lightly wounded.
Blork the orc screams, "I'll cover the dungeon with your blood!"
Blork the orc barely misses you. The centaur hits you.
* * * LOW HITPOINT WARNING * * *
The centaur barely misses you. The centaur closely misses you.
The centaur kicks you but does no damage.
You hit the centaur but do no damage. You bite the centaur, but do no damage.
The centaur is heavily wounded.
Blork the orc barely misses you. The centaur barely misses you.
The centaur kicks you but does no damage.
You hit the centaur.
The centaur is severely wounded.
The centaur hits you but does no damage.
The centaur barely misses you. Blork the orc barely misses you.
You completely miss the centaur.
The centaur is severely wounded.
The centaur hits you. The centaur kicks you. The centaur hits you.
* * * LOW HITPOINT WARNING * * *
The centaur barely misses you.
Blork the orc hits you but does no damage.
You hit the centaur. You bite the centaur, but do no damage.
The centaur is almost dead.
The centaur hits you.
* * * LOW HITPOINT WARNING * * *
The centaur barely misses you. The centaur hits you.
* * * LOW HITPOINT WARNING * * *
The centaur barely misses you.
Blink to where?
Press: ? - help, Dir - move target
Found a sling.
As you read the scroll of blinking, it crumbles to dust.
The centaur wields a +0 shortbow.
The centaur shoots an arrow.
The arrow hits you but does no damage.
The centaur shoots an arrow.
The arrow hits you but does no damage.
The centaur shoots an arrow.
The arrow hits you.
You die...

..... ........
≈. )..#....# .≈.
...#....##.≈
#..#....... ≈
##.##..#..# ..
#..##c...# #.##
#.@.o....#.....
##..?.........##
#.....c.........
#..........#####
#...(.<........
##...?....#####
##.......#
#.......#
#.......#


You could see Blork the orc (fast, magic disrupted) and 2 centaurs.

Vanquished Creatures
  Sigmund (D:4)
  A phantom (D:3)
  A necrophage (D:4)
  A scorpion (D:4)
  A hound (D:4)
  A jelly (D:4)
  An orc priest (D:4)
  Ijyb (D:4)
  6 adders
  4 worms
  A dart slug (D:1)
  2 orcs (D:4)
  6 endoplasms
  5 giant cockroaches
  7 goblins
  4 hobgoblins
  6 jackals
  6 quokkas
  7 ball pythons
  2 bats
  3 frilled lizards (D:1)
  12 kobolds
  6 rats
85 creatures vanquished.

Notes
Turn   | Place    | Note
-------+----------+-------------------------------------------
     0 | D:1      | Leeroy the Vine Stalker Warper began the quest for the Orb.
     0 | D:1      | Reached XP level 1. HP: 11/11 MP: 4/4
    25 | D:1      | Found Couwk's General Store.
    37 | D:1      | Reached skill level 2 in Long Blades
   101 | D:1      | Reached XP level 2. HP: 15/15 MP: 6/6
   122 | D:1      | Found Vatacuel's Armour Shoppe.
   288 | D:1      | Found a faded altar of an unknown god.
   444 | D:1      | Reached skill level 3 in Long Blades
   504 | D:1      | Reached XP level 3. HP: 13/18 MP: 7/7
   919 | D:2      | Gained mutation: Your natural rate of healing is unusually
                  | fast. [Vine Stalker growth]
   919 | D:2      | Reached XP level 4. HP: 23/23 MP: 6/8
  1179 | D:3      | Reached skill level 4 in Long Blades
  1214 | D:3      | Found Ytuqoi's Book Shoppe.
  1267 | D:3      | Learned a level 2 spell: Blink
  1271 | D:3      | Learned a level 3 spell: Vhi's Electric Charge
  1449 | D:3      | Noticed a phantom
  1475 | D:3      | Killed a phantom
  1476 | D:3      | Reached XP level 5. HP: 26/26 MP: 9/9
  1738 | D:4      | Noticed Sigmund
  1760 | D:4      | Killed Sigmund
  1761 | D:4      | Reached XP level 6. HP: 16/30 MP: 3/10
  1975 | D:4      | Reached XP level 7. HP: 34/34 MP: 11/11
  2049 | D:4      | Found a staircase to the Ecumenical Temple.
  2074 | Temple   | Entered the Ecumenical Temple
  2433 | D:4      | Noticed Ijyb
  2458 | D:4      | Killed Ijyb
  2459 | D:4      | Reached skill level 5 in Long Blades
  2629 | D:4      | Noticed Edmund
  2652 | D:5      | Entered Level 5 of the Dungeon
  2652 | D:5      | Noticed Blork the orc
  2673 | D:5      | HP: 1/34 [centaur (2)]
  2675 | D:5      | Shot with an arrow by a centaur

Illustrated notes

Levels and vault maps discovered:
D:1:      sevenhm_arrival_forest_fort_small_6, layout_basic, serial_shops, shop,
          nicolae_shop_statue_plus, basic_ecumenical_altar, minmay_tetromino_s4
D:2:      layout_rooms
D:3:      layout_rooms, serial_shops, nicolae_diamond_shop
D:4:      minmay_chambers_of_twos, layout_cave_pools,
          minmay_temple_entry_gardened_gates, kennysheep_nondescript,
          st_stairs_7, uniq_ijyb, uniq_edmund, uniq_sigmund
D:5:      layout_rooms, mainiacjoe_overflow_catwalk_spiral, uniq_blork_the_orc
Temple:   compressed_dpeg_triangle_lava_temple

Skill      XL: |  1  2  3  4  5  6  7 |
---------------+----------------------+-----
Long Blades    | 2 3 4 5 |  5.9
Armour         | 2 3 |  3.9
Fighting       | |  1.7
Throwing       | |  0.8
Dodging        | |  1.5
Spellcasting   | |  2.1
Translocations | |  3.0

Action                     |  1- 3 |  4- 6 |  7- 9 || total
---------------------------+-------+-------+-------++-------
  Melee: Falchion          |    79 |    36 |       ||   115
         Bite              |    19 |    50 |    35 ||   104
         Punch             |     1 |     1 |     4 ||     6
         Short sword       |       |   139 |    88 ||   227
    Use: Scroll            |       |       |     1 ||     1
   Stab: Sleeping          |     1 |       |       ||     1
 Armour: Leather armour    |    18 |    24 |       ||    42
         Ring mail         |       |    17 |    65 ||    82
  Dodge: Dodged            |    43 |    51 |    71 ||   165

Table legend: (Time is in decaauts)
 A = Elapsed time spent in this place.
 B = Non-inter-level travel time spent in this place.
 C = Inter-level travel time spent in this place.
 D = Time resting spent in this place.
 E = Time spent auto-exploring this place.
 F = Levels seen in this place.
 G = Mean time per level.
                   A        B        C        D        E       F      G
               +--------+--------+--------+--------+--------+-----+--------+
         Total |   2581 |   2548 |     33 |      0 |   1933 |   6 |  430.2 |
       Dungeon |   2287 |   2254 |     33 |      0 |   1655 |   5 |  457.4 |
        Temple |    293 |    293 |      0 |      0 |    278 |   1 |  293.0 |
               +--------+--------+--------+--------+--------+-----+--------+

Top non-repeatable levels by time:
     D:1: 656 daAuts
     D:4: 551 daAuts
     D:3: 532 daAuts
     D:2: 531 daAuts
  Temple: 293 daAuts
     D:5: 15 daAuts
